 Dungeon Crawl Stone Soup version 0.21.1-1-g345015fe64 (webtiles) character file.

2664 Ikesh the Thaumaturge (level 9, -9/44 HPs)
             Began as a Spriggan Warper on Mar 10, 2018.
             Was an Initiate of Sif Muna.
             Mangled by an orc warrior
             ... wielding a +0 hand axe of electrocution
              (10 damage)
             ... on level 7 of the Dungeon.
             The game lasted 01:05:43 (11425 turns).

Ikesh the Thaumaturge (Spriggan Warper)            Turns: 11425, Time: 01:05:45

Health: -9/44      AC:  4    Str:  7    XL:     9   Next: 36%
Magic:  20/22      EV: 22    Int: 16    God:    Sif Muna [......]
Gold:   167        SH:  0    Dex: 15    Spells: 5/25 levels left

rFire    . . .     SeeInvis +   x - +1 spear (distort)
rCold    . . .     Gourm    .   (shield restricted)
rNeg     . . .     Faith    .   u - +0 animal skin
rPois    +         Spirit   .   (helmet restricted)
rElec    .         Reflect  .   n - +1 cloak {rPois}
rCorr    +         Harm     .   (gloves unavailable)
MR       ++...     Rnd*Tele +   (boots unavailable)
Stlth    +++.......             E - amulet of magic regeneration
HPRegen  0.14/turn              h - ring of protection from magic
MPRegen  0.43/turn              v - ring of resist corrosion

@: shrouded, very quick
A: very small, unfitting armour, antennae 1, see invisible, dopey 1, herbivore,
speed 3, slow metabolism 2, teleportitis 1
a: Renounce Religion


You were on level 7 of the Dungeon.
You worshipped Sif Muna.
Sif Muna was noncommittal.
You were not hungry.

You visited 2 branches of the dungeon, and saw 9 of its levels.

You collected 467 gold pieces.
You spent 300 gold pieces at shops.

Inventory:

Hand Weapons
 g - a +2 dagger of electrocution
 m - a +2 quarterstaff of chaos
 w - the +7 short sword "Pobaqo" {drain, +Blink MR+ Str+4}
   (You found it on level 6 of the Dungeon)

   A truly terrible weapon, it drains the life of those it strikes.
   It affects your strength (+4).
   It affects your resistance to hostile enchantments.
   It lets you blink.
 x - a +1 spear of distortion (weapon)
Missiles
 e - 5 tomahawks of dispersal (quivered)
 o - 9 tomahawks
Armour
 b - a +1 robe
 n - a +1 cloak of poison resistance (worn)
 u - a +0 animal skin (worn)
Jewellery
 h - a ring of protection from magic (left hand)
 v - a ring of resist corrosion (right hand)
 E - an amulet of magic regeneration (around neck)
Wands
 t - a wand of flame (12)
 z - a wand of polymorph (14)
Scrolls
 a - 2 scrolls of identify
 d - 3 scrolls of blinking
 q - 3 scrolls of remove curse
 r - 2 scrolls of teleportation
 B - a scroll of amnesia
Potions
 j - a potion of berserk rage
 k - a potion of curing
 l - 2 potions of heal wounds
 p - a potion of cancellation
 s - 2 potions of ambrosia
Books
 c - a book of Spatial Translocations

   Spells                             Type                      Level
   a - Blink                          Translocation                2
   b - Shroud of Golubria             Charms/Translocation         2
   c - Lesser Beckoning               Translocation                3
   d - Gell's Gravitas                Translocation                3
   e - Teleport Other                 Translocation                3
   f - Passage of Golubria            Translocation                4
 i - a book of Minor Magic

   Spells                             Type                      Level
   a - Magic Dart                     Conjuration                  1
   b - Blink                          Translocation                2
   c - Call Imp                       Summoning                    2
   d - Slow                           Hexes                        2
   e - Conjure Flame                  Conjuration/Fire             3
   f - Mephitic Cloud                 Conjuration/Poison/Air       3
 y - a book of Maledictions

   Spells                             Type                      Level
   a - Corona                         Hexes                        1
   b - Ensorcelled Hibernation        Hexes/Ice                    2
   c - Confuse                        Hexes                        3
   d - Tukima's Dance                 Hexes                        3
   e - Dazzling Spray                 Conjuration/Hexes            3
 A - a book of Geomancy

   Spells                             Type                      Level
   a - Sandblast                      Earth                        1
   b - Passwall                       Transmutation/Earth          2
   c - Stone Arrow                    Conjuration/Earth            3
   d - Petrify                        Transmutation/Earth          4
   e - Lee's Rapid Deconstruction     Earth                        5
 C - a book of Frost

   Spells                             Type                      Level
   a - Freeze                         Ice                          1
   b - Throw Frost                    Conjuration/Ice              2
   c - Ozocubu's Armour               Charms/Ice                   3
   d - Throw Icicle                   Conjuration/Ice              4
   e - Summon Ice Beast               Ice/Summoning                4
Comestibles
 f - 4 rations


   Skills:
 + Level 3.2 Fighting
 + Level 4.9 Short Blades
 + Level 2.1 Polearms
 + Level 1.0 Throwing
 + Level 6.6 Dodging
 + Level 5.3 Stealth
 * Level 8.7 Spellcasting
 * Level 3.1 Hexes
 + Level 4.8 Charms
 * Level 8.6 Translocations
 + Level 0.4 Ice Magic


You had 5 spell levels left.
You knew the following spells:

 Your Spells              Type           Power        Failure   Level  Hunger
a - Gell's Gravitas       Tloc           ####......   1%          3    #......
b - Shroud of Golubria    Chrm/Tloc      ####......   1%          2    None
c - Blink                 Tloc           N/A          1%          2    None
d - Ensorcelled Hibernat  Hex/Ice        ##....       8%          2    None
e - Confuse               Hex            ###.....     9%          3    #......
f - Tukima's Dance        Hex            ###.....     9%          3    #......
g - Ozocubu's Armour      Chrm/Ice       ###.....     11%         3    #......
h - Passwall              Tmut/Erth      #.........   16%         2    None


Dungeon Overview and Level Annotations

Branches:
Dungeon (8/15)             Temple (1/1) D:6
   Lair: D:8-11

Altars:
Ashenzari
Cheibriados
Dithmenos
Elyvilon
Fedhas
Gozag
Hepliaklqana
Kikubaaqudgha
Makhleb
Nemelex Xobeh
Okawaru
Qazlal
Ru
Sif Muna
Trog
Uskayaw
Vehumet
Wu Jian
Xom
Yredelemnul
Zin
The Shining One

Shops:
D:5 [:!?

Annotations:
Abyss:1 Eustachio


Innate Abilities, Weirdness & Mutations

You are very small and have problems with some larger weapons.
You are too small for most types of armour.
You have supernaturally acute eyesight. (SInv)
You are a herbivore.
You cover ground extremely quickly.
You need consume almost no food.
You have a pair of small antennae on your head.
You are dopey. (Int -2)
You are occasionally teleported next to monsters.


Message History

Attack whom?
Press: ? - help, Dir - move target cursor, f - orc warrior
Aim: an orc warrior, wielding a hand axe of electrocution and wearing a chain mail You reach to attack!
You barely miss the orc warrior. The orc warrior barely misses you.
You climb upwards.
There is a stone staircase leading down here.
You hit the orc warrior.
Space warps horribly around the orc warrior!
The orc warrior is severely wounded.
The orc warrior hits you with a hand axe of electrocution!
Your shroud falls apart!
Casting: Shroud of Golubria
Confirm with . or Enter, or press ? or * to list all spells.
Space distorts slightly along a thin shroud covering your body.
The orc warrior hits you with a hand axe of electrocution!!
Ouch! That really hurt!
* * * LOW HITPOINT WARNING * * *
You are electrocuted!
You die...

.....##
##..............#
###.### ####
###............#
......## ##..###
####.........#
#......###.....###
###.......##
#.......##<......##
####...###
....#.............###
#######
.....##.............##
#.
.....####........[...##
##. ......#
###.....@.....## #..
......## ##....o......#
##.. .......#
#...........# #...
.......# ##.........##
##(.# .......#
##.......### #....
.......## ##........###
##..(. ........#
#....#.....# #.....
##...###.# #########.##
####.. ##### ## ### ###


You could see an orc warrior.

Vanquished Creatures
  Pikel (D:4)
  A black bear (D:5)
  An ice beast (D:7)
  A slave (D:3)
  3 ogres (D:5)
  Blork the orc (D:5)
  A bullfrog (D:6)
  A gnoll sergeant (D:4)
  A wyvern zombie (D:6)
  2 scorpions
  A howler monkey (D:6)
  2 crimson imps (D:5)
  2 jellies
  2 hounds
  A centaur skeleton (D:6)
  A gnoll shaman (D:4)
  3 orc priests
  Crazy Yiuf (D:2)
  4 orc wizards
  3 iguanas
  A worker ant (D:5)
  39 gnolls (D:4)
  2 worker ant zombies (D:5)
  5 adders
  3 shadow imps
  An ooze (D:3)
  An adder skeleton (D:4)
  5 worms
  2 dart slugs (D:1)
  A leopard gecko (D:2)
  13 orcs
  4 ball pythons
  6 giant cockroaches
  2 goblins (D:1)
  11 hobgoblins
  25 jackals
  2 quokkas
  8 bats
  3 frilled lizards
  9 kobolds
  A leopard gecko zombie (D:6)
  7 rats
184 creatures vanquished.

Vanquished Creatures (others)
  A dancing weapon (D:7)
  A howler monkey (D:4)
  A bullfrog zombie (D:7)
  A centaur zombie (D:6)
  A hound skeleton (D:5)
  An adder (D:6)
  An adder skeleton (D:4)
  2 jackals
  A quokka (D:7)
  A quokka zombie (D:6)
11 creatures vanquished.

Grand Total: 195 creatures vanquished

Notes
Turn   | Place    | Note
-------+----------+-------------------------------------------
     0 | D:1      | Ikesh the Spriggan Warper began the quest for the Orb.
     0 | D:1      | Reached XP level 1. HP: 10/10 MP: 5/5
   346 | D:1      | Reached XP level 2. HP: 12/15 MP: 7/7
   731 | D:1      | Reached skill level 1 in Stealth
  1123 | D:1      | Reached XP level 3. HP: 18/18 MP: 8/8
  1128 | D:1      | Learned a level 3 spell: Gell's Gravitas
  2507 | D:2      | Learned a level 2 spell: Shroud of Golubria
  2510 | D:2      | Found a runed door.
  2515 | D:2      | Noticed Crazy Yiuf
  2529 | D:2      | Killed Crazy Yiuf
  2529 | D:2      | Reached XP level 4. HP: 23/23 MP: 7/10
  3082 | D:3      | Reached skill level 5 in Translocations
  3231 | D:3      | Learned a level 2 spell: Blink
  3287 | D:4      | Reached XP level 5. HP: 25/26 MP: 0/12
  3589 | D:4      | Noticed a slave
  3744 | D:4      | Noticed a slave
  3810 | D:4      | Reached skill level 1 in Charms
  3810 | D:4      | Reached XP level 6. HP: 22/30 MP: 10/13
  4229 | D:4      | Noticed Pikel
  4229 | D:4      | Noticed a slave
  4230 | D:4      | Noticed a slave
  4256 | D:3      | Killed a slave
  4659 | D:4      | Reached skill level 5 in Spellcasting
  4762 | D:4      | Reached skill level 5 in Dodging
  4843 | D:4      | Reached XP level 7. HP: 32/35 MP: 1/16
  6397 | D:4      | Killed Pikel
  6397 | D:4      | Reached XP level 8. HP: 39/39 MP: 15/19
  6440 | D:5      | Entered Level 5 of the Dungeon
  6440 | D:5      | Found Gur Ciat's Magic Scroll Shoppe.
  6440 | D:5      | Found Qyub's Book Shoppe.
  6440 | D:5      | Noticed Eustachio
  6657 | D:5      | Reached skill level 5 in Stealth
  6844 | D:6      | Got a fine short sword
  6845 | D:6      | Identified the +7 short sword "Pobaqo" {drain, +Blink MR+ Str+4} (You found it on level 6 of the Dungeon)
  6906 | D:6      | Noticed a hippogriff
  7297 | D:5      | Reached skill level 1 in Polearms
  7649 | D:5      | Banished Eustachio
  7665 | D:5      | Found Esimohas's Antique Armour Shop.
  7679 | D:5      | Bought a book of Maledictions for 300 gold pieces
  7682 | D:5      | Learned a level 2 spell: Ensorcelled Hibernation
  7701 | D:5      | Noticed Blork the orc
  7859 | D:5      | Reached skill level 1 in Hexes
  7948 | D:5      | Reached XP level 9. HP: 44/44 MP: 18/21
  7954 | D:5      | Learned a level 3 spell: Confuse
  7958 | D:5      | Learned a level 3 spell: Tukima's Dance
  7984 | D:5      | Killed Blork the orc
  7998 | D:5      | Found Nevuemu's Distillery.
  8748 | D:6      | Found a hazy altar of Hepliaklqana.
  8891 | D:6      | Found an iron altar of Okawaru.
  9053 | D:6      | Learned a level 3 spell: Ozocubu's Armour
  9053 | D:6      | Gained mutation: You are occasionally teleported next to monsters. [potion of mutation]
  9053 | D:6      | Gained mutation: You are dopey. (Int -2) [potion of mutation]
  9053 | D:6      | Gained mutation: You have a pair of small antennae on your head. [potion of mutation]
  9172 | D:6      | Found a staircase to the Ecumenical Temple.
  9178 | Temple   | Entered the Ecumenical Temple
  9226 | Temple   | Became a worshipper of Sif Muna the Loreminder
  9274 | D:6      | Found a glowing golden altar of the Shining One.
  9575 | D:7      | HP: 2/44 [orc warrior/long sword (8)]
 10389 | D:7      | Learned a level 2 spell: Passwall
 11425 | D:7      | HP: 1/44 [orc warrior/hand axe of electrocution (22)]
 11425 | D:7      | Mangled by an orc warrior

Skill      XL: |  1  2  3  4  5  6  7  8  9 |
---------------+----------------------------+-----
Spellcasting   | 3 4 5 7 8 |  8.7
Stealth        | 1 2 3 4 5 |  5.3
Fighting       | 2 3 |  3.2
Dodging        | 4 5 6 |  6.6
Short Blades   | 3 4 |  4.9
Translocations | 5 7 8 |  8.6
Charms         | 1 3 4 |  4.8
Polearms       | 1 2 |  2.1
Hexes          | 1 3 |  3.1
Throwing       | |  1.0
Ice Magic      | |  0.4

Action                   |  1- 3 |  4- 6 |  7- 9 || total
-------------------------+-------+-------+-------++-------
Melee: Short sword       |    86 |       |       ||    86
       Dagger            |    76 |   169 |   116 ||   361
       Spear             |       |       |   373 ||   373
 Cast: Shroud of Golubri |     1 |    13 |    67 ||    81
       Gell's Gravitas   |       |    15 |     7 ||    22
       Ensorcelled Hiber |       |       |     4 ||     4
       Tukima's Dance    |       |       |     1 ||     1
  Use: Scroll            |     3 |     3 |    11 ||    17
       Potion            |     2 |       |     4 ||     6
 Stab: Sleeping          |     6 |     8 |     6 ||    20
       Distracted        |     1 |       |     2 ||     3
  Eat: Ration            |       |     2 |     3 ||     5
Armor: Robe              |     8 |     5 |       ||    13
       Animal skin       |       |     1 |    34 ||    35
Dodge: Dodged            |   107 |   118 |   343 ||   568
